AoeStats
← klockan316

Black Forest

507180946Analyzed
2v2 RM · 14d ago on Sep 17, 2026· 57m 3s· 4 players
Game mode
Random Map
Map size
Medium (4 player)
Population
200
Speed
Normal
Resources
Standard
Victory
Conquest
Starting age
Dark Age
Ending age
Imperial Age
RankedLock teamsTeams togetherTeam positionsShared explorationLock speedFull tech treeHidden civsTurbo modeCheats
Victory
Defeat
🇲🇽 Lithuanians · Mexico
761
+13
🇮🇳 Bohemians · India
751
+14
🇨🇱 Spanish · Chile
782
-17
🇳🇴 Slavs · Norway
619
-10
AMADOMANDA
0:30 Loom
15:34 Feudal Age
16:29 Double-Bit Axe
16:26 Horse Collar
16:41 Gold Mining
16:41 Stone Mining
21:58 Castle Age
20:36 Wheelbarrow
19:48 Town Watch
23:19 Stone Shaft Mining
22:45 Heavy Plow
22:56 Bow Saw
23:12 Caravan
25:24 Hand Cart
30:54 Fervor
32:17 Town Patrol
33:00 Fortified Wall
32:31 Treadmill Crane
35:57 Scale Barding Armor
35:53 Scale Mail Armor
36:03 Forging
41:17 Imperial Age
39:26 Iron Casting
39:07 Chain Mail Armor
39:12 Chain Barding Armor
38:42 Fletching
38:52 Padded Archer Armor
39:14 Ballistics
43:29 Chemistry
42:19 Heated Shot
42:25 Murder Holes
42:40 Masonry
43:07 Plate Barding Armor
42:28 Bodkin Arrow
42:59 Conscription
41:59 Elite Leitis
43:16 Hoardings
43:24 Crop Rotation
44:07 Two-Man Saw
43:27 Man-at-Arms
44:07 Squires
43:53 Arson
43:28 Pikeman
44:14 Hill Forts
44:15 Tower Shields
44:47 Husbandry
44:58 Bloodlines
44:13 Long Swordsman
44:27 Halberdier
46:43 Coinage
46:23 Guilds
46:32 Leather Archer Armor
46:17 Bracer
46:54 Architecture
46:15 Guard Tower
50:24 Ring Archer Armor
55:43 Spies/Treason
55:51 Spies/Treason
pussy noodles
0:28 Loom
13:24 Feudal Age
20:56 Castle Age
18:58 Horse Collar
19:08 Double-Bit Axe
32:54 Imperial Age
30:55 Town Watch
31:45 Wheelbarrow
32:17 Wheelbarrow
31:55 Padded Archer Armor
31:42 Treadmill Crane
32:33 Fortified Wall
33:26 Town Patrol
33:54 Bow Saw
34:17 Conscription
34:29 Heavy Plow
36:23 Hand Cart
37:13 Two-Man Saw
37:28 Chemistry
36:46 Leather Archer Armor
36:31 Scale Mail Armor
37:41 Hussite Reforms
38:09 Elite Hussite Wagon
38:54 Squires
38:39 Arson
39:12 Pikeman
40:57 Ring Archer Armor
40:27 Scale Mail Armor
40:53 Redemption
40:43 Atonement
40:54 Fervor
41:05 Sanctity
40:45 Devotion
41:11 Illumination
43:55 Theocracy
43:44 Heresy
43:42 Block Printing
43:49 Faith
43:20 Houfnice
45:05 Siege Engineers
45:14 Masonry
45:25 Ballistics
45:26 Chain Mail Armor
46:41 Plate Mail Armor
45:58 Halberdier
47:32 Wagenburg Tactics
51:02 Herbal Medicine
53:19 Architecture
52:45 Murder Holes
53:14 Bombard Tower
klockan316
12:20 Feudal Age
13:45 Wheelbarrow
13:25 Double-Bit Axe
13:25 Horse Collar
17:11 Gold Mining
20:34 Castle Age
21:46 Man-at-Arms
28:42 Long Swordsman
29:23 Squires
31:27 Forging
31:18 Scale Mail Armor
34:09 Iron Casting
33:49 Chain Mail Armor
35:59 Hand Cart
44:40 Imperial Age
43:34 Redemption
43:19 Pikeman
44:55 Two-Handed Swordsman
46:41 Blast Furnace
46:11 Plate Mail Armor
47:37 Halberdier
49:00 Heavy Scorpion
49:35 Champion
55:53 Demolition Ship
56:04 Demolition Ship
nguerrah99
0:29 Loom
14:35 Feudal Age
15:58 Fishing Lines
16:32 Double-Bit Axe
21:10 Horse Collar
24:39 Castle Age
23:03 Gold Mining
23:08 Stone Mining
25:42 Gillnets
26:00 Heavy Plow
26:38 Stone Shaft Mining
26:15 Bow Saw
29:13 Caravan
31:18 Wheelbarrow
33:14 Padded Archer Armor
33:04 Fletching
33:25 Forging
33:16 Scale Mail Armor
33:23 Scale Barding Armor
35:55 Imperial Age
33:41 Hand Cart
33:12 Town Watch
35:38 Murder Holes
35:54 Fortified Wall
35:58 Masonry
37:39 Two-Man Saw
38:03 Chain Barding Armor
38:20 Iron Casting
39:09 Husbandry
39:20 Bloodlines
38:31 Cavalier
39:14 Squires
41:01 Plate Barding Armor
40:51 Conscription
42:41 Blast Furnace
41:38 Bodkin Arrow
41:58 Leather Archer Armor
41:59 Chain Mail Armor
42:03 Pikeman
42:29 Arson
42:07 Elite Skirmisher
42:53 Thumb Ring
43:09 Paladin
43:10 Light Cavalry
44:26 Inquisition
45:10 Hoardings
45:46 Chemistry
45:07 Ballistics
45:07 Bracer
45:38 Ring Archer Armor
45:44 Ring Archer Armor
45:26 Elite Conquistador
46:48 Fervor
47:08 Block Printing
47:21 Illumination
47:00 Devotion
47:29 Sanctity
47:54 Theocracy
47:07 Hussar
49:26 Halberdier
Connection lost

Rejoining the realm…

Still unreachable

The connection could not be restored.

Session expired

The server has moved on; the page needs a fresh start.